[Event "94th FRA-ch Veterans 2019"]
[Site "Chartres"]
[Date "2019.08.24"]
[Round "8.3"]
[White "Vareille, Francois"]
[Black "Ribaud-Chevrey, Philippe"]
[Result "1-0"]
[ECO "D45"]
[WhiteElo "2423"]
[BlackElo "2038"]
[Annotator "NA"]
[PlyCount "111"]
[EventDate "2019.08.17"]
[EventType "swiss"]
[EventCountry "FRA"]
[SourceTitle "playchess.com"]
[Source "ChessBase"]
[SourceQuality "1"]
[TimeControl "40/5400+30:1800+30"]

1. d4 d5 2. c4 e6 3. Nc3 c6 4. e3 Nf6 5. Nf3 Nbd7 6. b3 Bd6 7. Be2 O-O 8. O-O Ne4 9. Nxe4 dxe4 10. Nd2 f5 11. Bb2 Bxh2+ 12. Kxh2 Qh4+ 13. Kg1 Rf6 14. f4 Rh6 15. Nf3 exf3 16. Bxf3 Nf6 17. Qe1 Qh2+ 18. Kf2 Ne4+ 19. Bxe4 fxe4 20. Rh1 Qxh1 21. Qxh1 Rxh1 22. Rxh1 g6 23. Rh4 Bd7 24. Ba3 Rd8 25. Be7 Re8 26. Bf6 Rf8 27. Be5 Rf7 28. Kg3 Rf8 29. Rh1 Bc8 30. Rc1 Rd8 31. a4 a6 32. a5 Kf7 33. Kf2 Kg8 34. Ke2 Kf7 35. Rh1 Kg8 36. Kd2 Rd7 37. Kc3 Kf8 38. Kb4 Ke8 39. Kc5 Kd8 40. Rh3 Rf7 41. Kd6 Rd7+ 42. Kc5 Rf7 43. g4 Ke7 44. Rh2 Kd8 45. Kb6 Rd7 46. f5 exf5 47. gxf5 gxf5 48. Rg2 Rf7 49. Rg8+ Kd7 50. Bc7 f4 51. Bxf4 Re7 52. Bg5 Re8 53. Rxe8 Kxe8 54. Kc7 Bg4 55. Kxb7 Kd7 56. Kxa6 1-0

[Event "94th FRA-ch Veterans 2019"]
[Site "Chartres"]
[Date "2019.08.24"]
[Round "8.4"]
[White "Brongers, Henk"]
[Black "Ricter, Jean-Paul"]
[Result "0-1"]
[ECO "B01"]
[WhiteElo "2026"]
[BlackElo "2029"]
[Annotator "NA"]
[PlyCount "82"]
[EventDate "2019.08.17"]
[EventType "swiss"]
[EventCountry "FRA"]
[SourceTitle "playchess.com"]
[Source "ChessBase"]
[SourceQuality "1"]
[TimeControl "40/5400+30:1800+30"]

1. e4 d5 2. exd5 Nf6 3. Bb5+ Bd7 4. Be2 Nxd5 5. d4 g6 6. c4 Nb6 7. Nc3 Bg7 8. Be3 O-O 9. Rc1 Bc8 10. Nf3 Nc6 11. h3 e5 12. d5 Ne7 13. O-O Nf5 14. Bc5 Nd6 15. b3 Re8 16. a4 Nd7 17. Bb4 Nf5 18. Ne4 Nh4 19. d6 c6 20. Bd2 Nxf3+ 21. Bxf3 h6 22. c5 f5 23. Ng3 e4 24. Be2 Qh4 25. Bc4+ Kh7 26. Bc3 Bxc3 27. Rxc3 f4 28. Ne2 f3 29. gxf3 Ne5 30. fxe4 Bxh3 31. f4 Bxf1 32. fxe5 Bxe2 33. Bxe2 Rxe5 34. Bf3 Rf8 35. Bg2 Qf2+ 36. Kh1 Rh5+ 37. Rh3 Rxh3+ 38. Bxh3 Qg3 39. Bg2 Rf2 40. Qg1 Re2 41. b4 Qh4+ 0-1

[Event "94th FRA-ch Veterans 2019"]
[Site "Chartres"]
[Date "2019.08.24"]
[Round "8.5"]
[White "Goldenberg, Richard"]
[Black "Nguyen, Marc-Antoine"]
[Result "1-0"]
[ECO "E40"]
[WhiteElo "2219"]
[BlackElo "1942"]
[Annotator "NA"]
[PlyCount "83"]
[EventDate "2019.08.17"]
[EventType "swiss"]
[EventCountry "FRA"]
[SourceTitle "playchess.com"]
[Source "ChessBase"]
[SourceQuality "1"]
[TimeControl "40/5400+30:1800+30"]

1. d4 Nf6 2. c4 e6 3. Nc3 Bb4 4. e3 Bxc3+ 5. bxc3 d6 6. Bd3 Nbd7 7. e4 b6 8. Ne2 Bb7 9. Ng3 Qe7 10. Qe2 O-O-O 11. a4 a5 12. f3 h5 13. h4 e5 14. Nf5 Qf8 15. Rb1 Kb8 16. Ba3 g6 17. Ne3 Ka7 18. Bc1 Qg7 19. Nc2 Ne8 20. Be3 Qf8 21. Na3 f5 22. Bg5 Rc8 23. O-O f4 24. Rb2 Ng7 25. Rfb1 Ne6 26. c5 dxc5 27. d5 Nxg5 28. hxg5 Kb8 29. Nc4 Ka7 30. Nxa5 c4 31. Nxc4 Qc5+ 32. Kh1 h4 33. a5 h3 34. axb6+ cxb6 35. Nxb6 hxg2+ 36. Kxg2 Nxb6 37. Rxb6 Rc7 38. Qa2+ Kb8 39. Ba6 Rhh7 40. d6 Rcd7 41. Bxb7 Rxb7 42. Ra1 1-0

[Event "94th FRA-ch Veterans 2019"]
[Site "Chartres"]
[Date "2019.08.24"]
[Round "8.6"]
[White "Canovas, Eric"]
[Black "Lebret, Jean-Michel"]
[Result "1/2-1/2"]
[ECO "D32"]
[WhiteElo "1904"]
[BlackElo "2030"]
[Annotator "NA"]
[PlyCount "140"]
[EventDate "2019.08.17"]
[EventType "swiss"]
[EventCountry "FRA"]
[SourceTitle "playchess.com"]
[Source "ChessBase"]
[SourceQuality "1"]
[TimeControl "40/5400+30:1800+30"]

1. d4 d5 2. c4 e6 3. Nc3 c5 4. cxd5 exd5 5. Nf3 Nc6 6. dxc5 Nf6 7. Bg5 Be6 8. e3 Bxc5 9. Bb5 O-O 10. O-O Be7 11. Rc1 Rc8 12. Ne2 Bg4 13. Bxc6 Bxf3 14. Bb5 Rxc1 15. Qxc1 Bxe2 16. Bxe2 Qa5 17. Bh4 Qxa2 18. Qc7 Qa4 19. Bg5 Qb4 20. Bf3 Bd8 21. Qe5 Ne4 22. Bxd8 Rxd8 23. Rd1 Nf6 24. h3 Re8 25. Qf5 Qxb2 26. Rb1 Qa2 27. Rxb7 a6 28. Rc7 Qa1+ 29. Kh2 g6 30. Qc2 Qe5+ 31. g3 h5 32. Qc3 Qf5 33. Kg2 Ne4 34. Bxe4 dxe4 35. Qc6 Qe6 36. Qxe6 Rxe6 37. g4 hxg4 38. hxg4 Kg7 39. Kg3 g5 40. f3 exf3 41. Kxf3 Rb6 42. Ra7 Kf6 43. Ke4 Ke6 44. Ra8 f6 45. Ra7 Rb4+ 46. Kf3 Ra4 47. Ra8 Ra1 48. Ke4 Ra5 49. Re8+ Kd7 50. Rf8 Re5+ 51. Kd4 Re6 52. Kd5 a5 53. Rf7+ Re7 54. Rxf6 Rxe3 55. Rf7+ Kc8 56. Kc6 Re6+ 57. Kb5 Re4 58. Kxa5 Rxg4 59. Kb5 Kd8 60. Kc5 Ke8 61. Rb7 Kf8 62. Kd5 Rf4 63. Ke5 Rf1 64. Ke4 g4 65. Rb5 Ra1 66. Kf4 Ra4+ 67. Kg3 Kf7 68. Rg5 Kf6 69. Rxg4 Rxg4+ 70. Kxg4 Ke5 1/2-1/2

[Event "94th FRA-ch Veterans 2019"]
[Site "Chartres"]
[Date "2019.08.25"]
[Round "9.1"]
[White "Dussol, Pierre"]
[Black "Ladisic, Alex-Sacha"]
[Result "1/2-1/2"]
[ECO "C44"]
[WhiteElo "2102"]
[BlackElo "1943"]
[Annotator "ChessBase"]
[PlyCount "84"]
[EventDate "2019.08.17"]
[EventType "swiss"]
[EventCountry "FRA"]
[SourceTitle "playchess.com"]
[Source "ChessBase"]
[SourceQuality "1"]
[TimeControl "40/5400+30:1800+30"]

1. e4 e5 2. Nf3 Nc6 3. c3 Nf6 4. d4 exd4 5. e5 Nd5 6. Qb3 Nb6 7. cxd4 d5 8. Nc3 Be7 9. Be3 O-O 10. Be2 Be6 11. O-O f6 12. exf6 Bxf6 13. h3 Qe7 14. Rac1 Rad8 15. Rfe1 Na5 16. Qc2 Nac4 17. Bf4 Qd7 18. Bd3 g6 19. Bh6 Bg7 20. Bxg7 Kxg7 21. Ng5 Bg8 22. b3 Nd6 23. Re5 c6 24. Rce1 Nbc8 25. Qe2 Rde8 26. h4 h6 27. Nh3 Qf7 28. h5 gxh5 29. g3 Bh7 30. Nf4 h4 31. Qg4+ Kh8 32. Bxh7 Kxh7 33. Qxh4 Nf5 34. Qg4 Ncd6 35. Qd1 Rg8 36. Qd3 Kh8 37. Re6 Rxe6 38. Rxe6 Re8 39. Re5 Kg7 40. g4 Nh4 41. Nh5+ Kh8 42. Nf4 Nhf5 1/2-1/2

[Event "94th FRA-ch Veterans 2019"]
[Site "Chartres"]
[Date "2019.08.25"]
[Round "9.3"]
[White "Ricter, Jean-Paul"]
[Black "Goldenberg, Richard"]
[Result "1/2-1/2"]
[ECO "A43"]
[WhiteElo "2029"]
[BlackElo "2219"]
[Annotator "NA"]
[PlyCount "62"]
[EventDate "2019.08.17"]
[EventType "swiss"]
[EventCountry "FRA"]
[SourceTitle "playchess.com"]
[Source "ChessBase"]
[SourceQuality "1"]
[TimeControl "40/5400+30:1800+30"]

1. e4 g6 2. d4 Bg7 3. Nc3 c5 4. d5 d6 5. Nf3 Nf6 6. Be2 O-O 7. O-O Na6 8. Be3 Nc7 9. a4 Rb8 10. Nd2 b6 11. Nc4 a6 12. f4 b5 13. axb5 Nxb5 14. Nxb5 axb5 15. Na5 Nxe4 16. Nc6 Qc7 17. Nxb8 Qxb8 18. c3 f5 19. Qb3 Bd7 20. Ra5 b4 21. cxb4 Qxb4 22. Qxb4 cxb4 23. Bb5 Bc8 24. Rb1 Bb7 25. Bd7 Nc5 26. Bxc5 dxc5 27. Be6+ Kh8 28. b3 Rd8 29. Ra7 Bd4+ 30. Kf1 Rb8 31. Rd1 Kg7 1/2-1/2

[Event "94th FRA-ch Veterans 2019"]
[Site "Chartres"]
[Date "2019.08.25"]
[Round "9.4"]
[White "Ribaud-Chevrey, Philippe"]
[Black "Large, Laurent"]
[Result "0-1"]
[ECO "D34"]
[WhiteElo "2038"]
[BlackElo "2183"]
[Annotator "ChessBase"]
[PlyCount "66"]
[EventDate "2019.08.17"]
[EventType "swiss"]
[EventCountry "FRA"]
[SourceTitle "playchess.com"]
[Source "ChessBase"]
[SourceQuality "1"]
[TimeControl "40/5400+30:1800+30"]

1. d4 d5 2. Nf3 e6 3. c4 c5 4. cxd5 exd5 5. Nc3 Nc6 6. g3 Nf6 7. Bg2 Be7 8. O-O O-O 9. Bg5 c4 10. Ne5 Be6 11. Nxc4 dxc4 12. Bxf6 Bxf6 13. d5 Bxd5 14. Bxd5 Qb6 15. Bxc6 Qxc6 16. Qc2 Rfe8 17. Rad1 Bxc3 18. bxc3 Qe6 19. Rfe1 h5 20. Rd4 Rad8 21. Qd2 Qf6 22. e3 h4 23. Kg2 b5 24. f3 a5 25. Kf2 Rxd4 26. cxd4 b4 27. e4 c3 28. Qd3 Qe6 29. Re2 Qh3 30. g4 Qxh2+ 31. Ke3 Qg1+ 32. Kf4 h3 33. Qb5 Rd8 0-1

[Event "94th FRA-ch Veterans 2019"]
[Site "Chartres"]
[Date "2019.08.25"]
[Round "9.5"]
[White "Flachet, Thierry"]
[Black "Canonne, Antoine"]
[Result "1-0"]
[ECO "A30"]
[WhiteElo "2036"]
[BlackElo "1920"]
[Annotator "NA"]
[PlyCount "133"]
[EventDate "2019.08.17"]
[EventType "swiss"]
[EventCountry "FRA"]
[SourceTitle "playchess.com"]
[Source "ChessBase"]
[SourceQuality "1"]
[TimeControl "40/5400+30:1800+30"]

1. Nf3 c5 2. c4 Nc6 3. d4 cxd4 4. Nxd4 e6 5. a3 Be7 6. Nc3 Nxd4 7. Qxd4 Bf6 8. Qd3 Bxc3+ 9. Qxc3 Nf6 10. Bf4 O-O 11. g3 a5 12. Bg2 d6 13. O-O e5 14. Be3 Qc7 15. Bg5 Be6 16. Bxf6 gxf6 17. Qf3 f5 18. Bh3 Qd7 19. Rfd1 Rac8 20. Rac1 b6 21. b4 axb4 22. axb4 Rfd8 23. Qe3 f4 24. Bxe6 fxe3 25. Bxd7 exf2+ 26. Kxf2 Rxd7 27. Rd5 Kf8 28. c5 bxc5 29. bxc5 Rc6 30. Rcd1 Ke7 31. cxd6+ Ke6 32. Kf3 Rc4 33. Rb5 f6 34. Rb6 Rc3+ 35. e3 Rc2 36. h3 Rc4 37. Ra1 Rc8 38. Raa6 h5 39. Ra4 Kf5 40. Rh4 Kg5 41. Ra4 Kf5 42. Raa6 Ke6 43. Rb4 Kf5 44. Rb2 Ke6 45. Rd2 Kf5 46. g4+ hxg4+ 47. hxg4+ Ke6 48. Rh2 Rg8 49. Rh6 Rg5 50. Rb6 Rgg7 51. Ra6 Rg5 52. Rh8 Rgg7 53. Rf8 Rg6 54. Re8+ Kf7 55. Rh8 Ke6 56. Raa8 Rgg7 57. Rhe8+ Kf7 58. Rf8+ Kg6 59. Ra6 Rgf7 60. Rg8+ Kh7 61. Re8 Kg6 62. Ke4 Rb7 63. Kd5 Rb3 64. Ke6 Rd3 65. Rg8+ Rg7 66. Rxg7+ Kxg7 67. d7 1-0

[Event "94th FRA-ch Veterans 2019"]
[Site "Chartres"]
[Date "2019.08.25"]
[Round "9.6"]
[White "Lebret, Jean-Michel"]
[Black "Dziedziczak, Vincent"]
[Result "1-0"]
[ECO "B24"]
[WhiteElo "2030"]
[BlackElo "1880"]
[Annotator "NA"]
[PlyCount "83"]
[EventDate "2019.08.17"]
[EventType "swiss"]
[EventCountry "FRA"]
[SourceTitle "playchess.com"]
[Source "ChessBase"]
[SourceQuality "1"]
[TimeControl "40/5400+30:1800+30"]

1. e4 c5 2. Nc3 d6 3. g3 Nc6 4. Bg2 Nf6 5. d3 e5 6. f4 g6 7. Nf3 Bg7 8. O-O O-O 9. Bd2 b5 10. Nxb5 Rb8 11. Nc3 Rxb2 12. Qc1 Rb7 13. Nh4 c4 14. h3 cxd3 15. cxd3 Rc7 16. Nb5 Ba6 17. Nxc7 Qxc7 18. Qa3 Qb6+ 19. Kh2 Qb5 20. Rac1 Nd4 21. Rc3 Bb7 22. Be3 Bxe4 23. dxe4 Nxe4 24. Bxd4 exd4 25. Rb3 Qe2 26. Rb2 Qc4 27. Qb4 Qxb4 28. Rxb4 Nc3 29. Rb2 Re8 30. Bf3 d5 31. Ng2 Ne4 32. Rd1 Rc8 33. Ne1 Nc3 34. Rc1 Re8 35. Kg2 Ne4 36. Nd3 Bf8 37. Rb7 Nd2 38. Bxd5 Re2+ 39. Nf2 Be7 40. Rcc7 Kf8 41. Rc8+ Kg7 42. Re8 1-0